TOP OF THE 1ST |
Santa Monica Bruins batting - Pitching for Vancouver Vipers : RHP Don Barnes
|
Pitching: RHP Don Barnes
|
|
Batting: LHB Francisco Medina
|
0-0: Ball 1-0: Fly out, F9 (Flyball, 9LS)
|
Batting: LHB Morgan Wright
|
0-0: Called Strike 0-1: Foul Ball, location: 2F 0-2: Ball 1-2: Ball 2-2: Foul Ball, location: 2F 2-2: Ball 3-2: TRIPLE (Line Drive, 89D)
|
Batting: RHB Luis Martínez
|
0-0: Called Strike 0-1: Ball 1-1: Reached on error, E6 (Groundball, 6) Morgan Wright scores
|
Batting: RHB Griswold Coleman
|
0-0: Ball 1-0: Called Strike 1-1: Ball 2-1: Ball 3-1: Base on Balls Luis Martínez to second
|
Batting: RHB Johnny Williams
|
0-0: Grounds into double play, 4-6-3 (Groundball, 4)
|
Top of the 1st over - 1 run(s), 1 hit(s), 1 error(s), 1 left on base; Santa Monica 1 - Vancouver 0 |
BOTTOM OF THE 1ST |
Vancouver Vipers batting - Pitching for Santa Monica Bruins : LHP Takao Uchida
|
Pitching: LHP Takao Uchida
|
|
Batting: RHB Miguel Palácios
|
0-0: Ball 1-0: Ball 2-0: Foul Ball, location: 2F 2-1: Called Strike 2-2: Ground out 1-3 (Groundball, 13)
|
Batting: LHB Jason Lambert
|
0-0: Ground out 6-3 (Groundball, 6)
|
Batting: LHB Juan Jose Rojas
|
0-0: Called Strike 0-1: Fly out, F2 (Popup, 3S)
|
Bottom of the 1st over - 0 run(s), 0 hit(s), 0 error(s), 0 left on base; Santa Monica 1 - Vancouver 0 |
TOP OF THE 2ND |
Santa Monica Bruins batting - Pitching for Vancouver Vipers : RHP Don Barnes
|
Batting: LHB Ramiro Martínez
|
0-0: Foul Ball, location: 2F 0-1: Swinging Strike 0-2: Ball 1-2: Ball 2-2: Strikes out swinging
|
Batting: RHB Phil White
|
0-0: Swinging Strike 0-1: Ball 1-1: Fly out, F8 (Line Drive, 8LS)
|
Batting: RHB Fletcher Reed
|
0-0: Hit by Pitch
|
Batting: RHB Mario Beltrán
|
0-0: Ball Fletcher Reed is caught stealing 2nd base
|
Top of the 2nd over - 0 run(s), 0 hit(s), 0 error(s), 0 left on base; Santa Monica 1 - Vancouver 0 |
BOTTOM OF THE 2ND |
Vancouver Vipers batting - Pitching for Santa Monica Bruins : LHP Takao Uchida
|
Batting: LHB Larry Howard
|
0-0: Called Strike 0-1: Called Strike 0-2: Ball 1-2: Fly out, F9 (Flyball, 89M)
|
Batting: SHB Henry Copeland
|
0-0: Ball 1-0: Ground out 6-3 (Groundball, 56)
|
Batting: LHB Tanyu Imai
|
0-0: Fly out, F9 (Flyball, 89S)
|
Bottom of the 2nd over - 0 run(s), 0 hit(s), 0 error(s), 0 left on base; Santa Monica 1 - Vancouver 0 |
TOP OF THE 3RD |
Santa Monica Bruins batting - Pitching for Vancouver Vipers : RHP Don Barnes
|
Batting: RHB Mario Beltrán
|
0-0: Ball 1-0: Ball 2-0: SOLO HOME RUN (Flyball, 78XD), Distance : 424 ft
|
Batting: LHB Francisco Medina
|
0-0: Foul Ball, location: 2F 0-1: Called Strike 0-2: Ball 1-2: Foul Ball, location: 2F 1-2: Ball 2-2: Strikes out looking
|
Batting: LHB Morgan Wright
|
0-0: Ball 1-0: Ball 2-0: Ball 3-0: Called Strike 3-1: Called Strike 3-2: Foul Ball, location: 2F 3-2: Strikes out swinging
|
Batting: RHB Luis Martínez
|
0-0: Called Strike 0-1: Ball 1-1: Ball 2-1: Foul Ball, location: 2F 2-2: Ball 3-2: Foul Ball, location: 2F 3-2: Strikes out swinging
|
Top of the 3rd over - 1 run(s), 1 hit(s), 0 error(s), 0 left on base; Santa Monica 2 - Vancouver 0 |
BOTTOM OF THE 3RD |
Vancouver Vipers batting - Pitching for Santa Monica Bruins : LHP Takao Uchida
|
Batting: RHB Lorenzo González
|
0-0: Ball 1-0: Ball 2-0: Swinging Strike 2-1: Called Strike 2-2: Foul Ball, location: 2F 2-2: SINGLE (Groundball, 4D)
|
Batting: RHB Víctor Arredondo
|
0-0: Foul Ball, location: 2F 0-1: Ball 1-1: Swinging Strike 1-2: Ball 2-2: Strikes out swinging
|
Batting: RHB Salvador Medine
|
0-0: Foul Ball, location: 2F 0-1: Fly out, F9 (Flyball, 9S)
|
Batting: RHB Miguel Palácios
|
0-0: Called Strike 0-1: Ball 1-1: Fly out, F4 (Flyball, 4D)
|
Bottom of the 3rd over - 0 run(s), 1 hit(s), 0 error(s), 1 left on base; Santa Monica 2 - Vancouver 0 |
TOP OF THE 4TH |
Santa Monica Bruins batting - Pitching for Vancouver Vipers : RHP Don Barnes
|
Batting: RHB Griswold Coleman
|
0-0: Ball 1-0: Swinging Strike 1-1: Foul Ball, location: 2F 1-2: Ball 2-2: Strikes out looking
|
Batting: RHB Johnny Williams
|
0-0: Called Strike 0-1: Ball 1-1: Foul Ball, location: 2F 1-2: SINGLE (Groundball, 4D)
|
Batting: LHB Ramiro Martínez
|
0-0: Fly out, F7 (Flyball, 7LS)
|
Batting: RHB Phil White
|
0-0: 2-RUN HOME RUN (Line Drive, 7D), Distance : 391 ft
|
Batting: RHB Fletcher Reed
|
0-0: Ball 1-0: Called Strike 1-1: Ball 2-1: Swinging Strike 2-2: Strikes out swinging
|
Top of the 4th over - 2 run(s), 2 hit(s), 0 error(s), 0 left on base; Santa Monica 4 - Vancouver 0 |
BOTTOM OF THE 4TH |
Vancouver Vipers batting - Pitching for Santa Monica Bruins : LHP Takao Uchida
|
Batting: LHB Jason Lambert
|
0-0: Fly out, F8 (Flyball, 8LM)
|
Batting: LHB Juan Jose Rojas
|
0-0: Foul Ball, location: 2F 0-1: Swinging Strike 0-2: Ground out 4-3 (Groundball, 34)
|
Batting: LHB Larry Howard
|
0-0: Foul Ball, location: 2F 0-1: Called Strike 0-2: Foul Ball, location: 2F 0-2: Ball 1-2: Ball 2-2: Strikes out looking
|
Bottom of the 4th over - 0 run(s), 0 hit(s), 0 error(s), 0 left on base; Santa Monica 4 - Vancouver 0 |
TOP OF THE 5TH |
Santa Monica Bruins batting - Pitching for Vancouver Vipers : RHP Don Barnes
|
Batting: RHB Mario Beltrán
|
0-0: Ball 1-0: Foul Ball, location: 2F 1-1: SINGLE (Groundball, 4MD)
|
Batting: LHB Francisco Medina
|
0-0: Swinging Strike 0-1: Called Strike 0-2: Strikes out swinging
|
Batting: LHB Morgan Wright
|
0-0: Ball 1-0: Called Strike 1-1: Swinging Strike 1-2: Strikes out looking
|
Batting: RHB Luis Martínez
|
0-0: Called Strike 0-1: Foul Ball, location: 2F 0-2: Strikes out looking
|
Top of the 5th over - 0 run(s), 1 hit(s), 0 error(s), 1 left on base; Santa Monica 4 - Vancouver 0 |
BOTTOM OF THE 5TH |
Vancouver Vipers batting - Pitching for Santa Monica Bruins : LHP Takao Uchida
|
Batting: SHB Henry Copeland
|
0-0: Fly out, F9 (Flyball, 9LS)
|
Batting: LHB Tanyu Imai
|
0-0: Foul Ball, location: 2F 0-1: Ball 1-1: Foul Ball, location: 2F 1-2: Ball 2-2: Ball 3-2: Strikes out swinging
|
Batting: RHB Lorenzo González
|
0-0: Called Strike 0-1: Ball 1-1: SINGLE (Groundball, 34) (infield hit)
|
Batting: RHB Víctor Arredondo
|
0-0: Ball 1-0: Foul Ball, location: 2F 1-1: Fly out, F7 (Flyball, 7D)
|
Bottom of the 5th over - 0 run(s), 1 hit(s), 0 error(s), 1 left on base; Santa Monica 4 - Vancouver 0 |
TOP OF THE 6TH |
Santa Monica Bruins batting - Pitching for Vancouver Vipers : RHP Don Barnes
|
Batting: RHB Griswold Coleman
|
0-0: Called Strike 0-1: Ball 1-1: SINGLE (Flyball, 9LS)
|
Batting: RHB Johnny Williams
|
0-0: Foul Ball, location: 2F 0-1: Foul Ball, location: 2F 0-2: Strikes out looking
|
Batting: LHB Ramiro Martínez
|
0-0: Called Strike 0-1: Foul Ball, location: 2F 0-2: Ball 1-2: Ball 2-2: Ball 3-2: Base on Balls Griswold Coleman to second
|
Batting: RHB Phil White
|
0-0: Ball 1-0: Foul Ball, location: 2F 1-1: Ball Wild Pitch! Griswold Coleman to third Ramiro Martínez to second 2-1: Intentional Walk
|
Batting: RHB Fletcher Reed
|
0-0: Ball 1-0: Fielders Choice at 2nd, 6-4 (Groundball, 6M) Griswold Coleman scores Ramiro Martínez to third
|
Pitching: RHP José González
|
|
Batting: RHB Mario Beltrán
|
0-0: Ball 1-0: Ball 2-0: Ground out 3-1 (Groundball, 3)
|
Top of the 6th over - 1 run(s), 1 hit(s), 0 error(s), 2 left on base; Santa Monica 5 - Vancouver 0 |
BOTTOM OF THE 6TH |
Vancouver Vipers batting - Pitching for Santa Monica Bruins : LHP Takao Uchida
|
Batting: RHB Salvador Medine
|
0-0: Ball 1-0: Ball 2-0: Called Strike 2-1: Ball 3-1: Ground out 5-3 (Groundball, 5)
|
Batting: RHB Miguel Palácios
|
0-0: Ball 1-0: Ball 2-0: Ball 3-0: Called Strike 3-1: Foul Ball, location: 2F 3-2: Foul Ball, location: 2F 3-2: Fly out, F9 (Flyball, 89M)
|
Batting: LHB Jason Lambert
|
0-0: Called Strike 0-1: Ball 1-1: Swinging Strike 1-2: Foul Ball, location: 2F 1-2: Ball 2-2: Ball 3-2: SINGLE (Line Drive, 7S)
|
Batting: LHB Juan Jose Rojas
|
0-0: Ball 1-0: Called Strike 1-1: Ground out 4-3 (Groundball, 34)
|
Bottom of the 6th over - 0 run(s), 1 hit(s), 0 error(s), 1 left on base; Santa Monica 5 - Vancouver 0 |
TOP OF THE 7TH |
Santa Monica Bruins batting - Pitching for Vancouver Vipers : RHP José González
|
Batting: LHB Francisco Medina
|
0-0: Ball 1-0: SOLO HOME RUN (Flyball, 9D), Distance : 370 ft
|
Batting: LHB Morgan Wright
|
0-0: Called Strike 0-1: Ball 1-1: Foul Ball, location: 2F 1-2: Foul Ball, location: 2F 1-2: Ground out U3 (Groundball, 34)
|
Batting: RHB Luis Martínez
|
0-0: Called Strike 0-1: Swinging Strike 0-2: Hit by Pitch
|
Batting: RHB Griswold Coleman
|
0-0: Called Strike 0-1: Ball 1-1: Fly out, F7 (Flyball, 78S)
|
Batting: RHB Johnny Williams
|
0-0: Ball 1-0: Swinging Strike 1-1: Ground out 6-3 (Groundball, 6M)
|
Top of the 7th over - 1 run(s), 1 hit(s), 0 error(s), 1 left on base; Santa Monica 6 - Vancouver 0 |
BOTTOM OF THE 7TH |
Vancouver Vipers batting - Pitching for Santa Monica Bruins : LHP Takao Uchida
|
Now at 1B: Noriaki Sangi
|
|
Now in RF: Ray Bryant
|
|
Batting: LHB Larry Howard
|
0-0: Ball 1-0: Called Strike 1-1: Foul Ball, location: 2F 1-2: Ball 2-2: Ball 3-2: Fly out, F7 (Line Drive, 78D)
|
Batting: SHB Henry Copeland
|
0-0: Called Strike 0-1: Called Strike 0-2: Ground out 5-3 (Groundball, 5S)
|
Batting: LHB Tanyu Imai
|
0-0: Called Strike 0-1: Swinging Strike 0-2: Strikes out looking
|
Bottom of the 7th over - 0 run(s), 0 hit(s), 0 error(s), 0 left on base; Santa Monica 6 - Vancouver 0 |
TOP OF THE 8TH |
Santa Monica Bruins batting - Pitching for Vancouver Vipers : RHP José González
|
Batting: LHB Ramiro Martínez
|
0-0: Ball 1-0: SINGLE (Line Drive, 89S)
|
Batting: RHB Phil White
|
0-0: Called Strike 0-1: Ball 1-1: Swinging Strike 1-2: Strikes out looking
|
Batting: RHB Fletcher Reed
|
0-0: Ball 1-0: Fielders Choice at 2nd, 6-4 (Groundball, 6)
|
Batting: RHB Mario Beltrán
|
0-0: Ball 1-0: Called Strike 1-1: Swinging Strike 1-2: Strikes out swinging
|
Top of the 8th over - 0 run(s), 1 hit(s), 0 error(s), 1 left on base; Santa Monica 6 - Vancouver 0 |
BOTTOM OF THE 8TH |
Vancouver Vipers batting - Pitching for Santa Monica Bruins : LHP Takao Uchida
|
Now in LF: Francisco Castillo
|
|
Batting: RHB Lorenzo González
|
0-0: Ball 1-0: Ground out 1-3 (Groundball, 15S)
|
Batting: RHB Víctor Arredondo
|
0-0: Ball 1-0: Foul Ball, location: 2F 1-1: SOLO HOME RUN (Flyball, 78XD), Distance : 416 ft
|
Batting: RHB Salvador Medine
|
0-0: Called Strike 0-1: Ball 1-1: Ball 2-1: Ball 3-1: Fly out, F6 (Popup, 6MD)
|
Batting: RHB Miguel Palácios
|
0-0: Ball 1-0: Foul Ball, location: 2F 1-1: SINGLE (Line Drive, 4MD)
|
Pitching: RHP Keith Harper
|
|
Batting: LHB Jason Lambert
|
0-0: Foul Ball, location: 2F 0-1: Ground out 3-1 (Groundball, 34S)
|
Bottom of the 8th over - 1 run(s), 2 hit(s), 0 error(s), 1 left on base; Santa Monica 6 - Vancouver 1 |
TOP OF THE 9TH |
Santa Monica Bruins batting - Pitching for Vancouver Vipers : RHP José González
|
Pitching: RHP Augusto Herrera
|
|
Batting: LHB Francisco Medina
|
0-0: Ball 1-0: SOLO HOME RUN (Flyball, 9LD), Distance : 379 ft
|
Batting: LHB Morgan Wright
|
0-0: Ball 1-0: Ball 2-0: Ball 3-0: Called Strike 3-1: Ground out U3 (Groundball, 3)
|
Batting: LHB Noriaki Sangi
|
0-0: Called Strike 0-1: Ball 1-1: Foul Ball, location: 2F 1-2: Foul Ball, location: 2F 1-2: Ground out 6-3 (Groundball, 6M)
|
Batting: RHB Griswold Coleman
|
0-0: Ball 1-0: Called Strike 1-1: Foul Ball, location: 2F 1-2: Strikes out looking
|
Top of the 9th over - 1 run(s), 1 hit(s), 0 error(s), 0 left on base; Santa Monica 7 - Vancouver 1 |
BOTTOM OF THE 9TH |
Vancouver Vipers batting - Pitching for Santa Monica Bruins : RHP Keith Harper
|
Batting: LHB Juan Jose Rojas
|
0-0: Called Strike 0-1: Ball 1-1: Ball 2-1: Called Strike 2-2: Strikes out swinging
|
Batting: LHB Larry Howard
|
0-0: SINGLE (Line Drive, 9LS)
|
Batting: SHB Henry Copeland
|
0-0: Ball 1-0: Foul Ball, location: 2F 1-1: Called Strike 1-2: Strikes out swinging
|
Batting: LHB Tanyu Imai
|
0-0: Ball 1-0: Foul Ball, location: 2F 1-1: Called Strike 1-2: Foul Ball, location: 2F 1-2: Foul Ball, location: 2F 1-2: Ball 2-2: Ball 3-2: Foul Ball, location: 2F 3-2: Foul Ball, location: 2F 3-2: Foul Ball, location: 2F 3-2: Foul Ball, location: 2F 3-2: 2-RUN HOME RUN (Flyball, 8LXD), Distance : 436 ft
|
Batting: RHB Lorenzo González
|
0-0: Called Strike 0-1: Ball 1-1: Ball 2-1: Ball 3-1: Foul Ball, location: 2F 3-2: Base on Balls
|
Pitching: RHP Scotty Johnson
|
|
Batting: RHB Víctor Arredondo
|
0-0: Called Strike 0-1: Foul Ball, location: 2F 0-2: Ball 1-2: Strikes out swinging
|
Bottom of the 9th over - 2 run(s), 2 hit(s), 0 error(s), 1 left on base; Santa Monica 7 - Vancouver 3 |
|